 Dungeon Sprint DCSS version 0.26.1-11-gd32895ea62 (webtiles) character file.

Game seed: 9606532356317511221

25 Zeld the Digger (level 3, 25/27 HPs)
             Began as a Gnoll Earth Elementalist on June 13, 2021.
             Quit the game in the Dungeon (Sprint I: "Red Sonja").
             The game lasted 00:00:09 (6 turns).

Zeld the Digger (Gnoll Earth Elementalist)             Turns: 6, Time: 00:00:10

Health: 25/27      AC:  2    Str: 10    XL:     3   Next: 4%
Magic:  4/9        EV: 15    Int: 18    God:
Gold:   0          SH:  0    Dex: 15    Spells: 11/12 levels left

rFire    . . .     SeeInvis .     - Unarmed
rCold    . . .     Faith    .   (no shield)
rNeg     . . .     Spirit   .   c - +0 robe
rPois    .         Reflect  .   (no helmet)
rElec    .         Harm     .   (no cloak)
rCorr    .         Rampage  .   (no gloves)
Will     .....     NoTele   +   (no boots)
Stlth    +++.......             (no amulet)
HPRegen  0.09/turn              (no ring)
MPRegen  0.11/turn              (no ring)

@: no status effects
A: distributed training, fangs 1, strong nose
a: no special abilities


You were in the Dungeon.
You visited 1 branch

Inventory:

Missiles
 b - 27 stones
Armour
 c - a +0 robe (worn)
Scrolls
 i - a scroll of blinking
Potions
 d - a potion of curing
 e - a potion of heal wounds
 f - a potion of haste
 g - 2 potions of magic
 h - a potion of berserk rage


   Skills:
 + Level 1.7 Fighting
 + Level 1.7 Short Blades
 + Level 1.7 Long Blades
 + Level 1.7 Axes
 + Level 1.7 Maces & Flails
 + Level 1.7 Polearms
 + Level 1.7 Staves
 + Level 1.7 Slings
 + Level 1.7 Bows
 + Level 1.7 Crossbows
 + Level 1.7 Throwing
 + Level 1.7 Armour
 + Level 4.9 Dodging
 + Level 4.5 Stealth
 + Level 1.7 Shields
 + Level 1.7 Unarmed Combat
 + Level 5.3 Spellcasting
 + Level 1.3 Conjurations
 + Level 1.3 Hexes
 + Level 1.3 Summonings
 + Level 1.3 Necromancy
 + Level 1.3 Translocations
 + Level 2.5 Transmutations
 + Level 1.3 Fire Magic
 + Level 1.3 Ice Magic
 + Level 1.3 Air Magic
 + Level 5.6 Earth Magic
 + Level 1.3 Poison Magic
 + Level 2.0 Invocations
 + Level 1.7 Evocations


You had 11 spell levels left.
You knew the following spells:

 Your Spells              Type           Power        Failure   Level
a - Sandblast             Erth           50%          1%          1

Your spell library contained the following spells:

 Spells                   Type           Power        Failure   Level
 Passwall                 Tmut/Erth      15%          3%          2
 Stone Arrow              Conj/Erth      34%          10%         3
 Petrify                  Tmut/Erth      19%          24%         4
 Lee's Rapid Deconstruct  Erth           12%          34%         5


Dungeon Overview and Level Annotations

Branches:
Dungeon (1/1)

Altars:


Innate Abilities, Weirdness & Mutations

Your experience applies equally to all skills.
You have very sharp teeth.
Your uncanny sense of smell can sniff out nearby items.


Message History

Your Spellcasting skill increases to level 5!
Your Conjurations skill increases to level 1!
Your Hexes skill increases to level 1!
Your Summonings skill increases to level 1!
Your Necromancy skill increases to level 1!
Your Translocations skill increases to level 1!
Your Transmutations skill increases to level 2!
Your Fire Magic skill increases to level 1!
Your Ice Magic skill increases to level 1!
Your Air Magic skill increases to level 1!
Your Poison Magic skill increases to level 1!
Your Invocations skill gained 2 levels and is now at level 2!
Your Evocations skill increases to level 1!
You have reached level 2!
You have reached level 3!
Your experience leads to an increase in your attributes!
Increase (S)trength, (I)ntelligence, or (D)exterity?
You feel clever.
Unknown command.
Are you sure you want to abandon this character and quit the game? (Confirm with "yes".)

#### ##
#<.#..+
#.@[..#
#..####
#..# ∆∆
#..#
#..#
#⌠⌠#
#### ∆∆


There were no monsters in sight!

Vanquished Creatures
  Ijyb (D)
1 creature vanquished.

Notes
Turn   | Place    | Note
-------+----------+-------------------------------------------
     0 | D        | Zeld the Gnoll Earth Elementalist began the quest for the
                  | Orb.
     0 | D        | Reached XP level 1. HP: 13/13 MP: 6/6
     2 | D        | Noticed Ijyb
     5 | D        | Killed Ijyb
     6 | D        | Reached skill level 1 in Fighting
     6 | D        | Reached skill level 1 in Short Blades
     6 | D        | Reached skill level 1 in Long Blades
     6 | D        | Reached skill level 1 in Axes
     6 | D        | Reached skill level 1 in Maces & Flails
     6 | D        | Reached skill level 1 in Polearms
     6 | D        | Reached skill level 1 in Staves
     6 | D        | Reached skill level 1 in Slings
     6 | D        | Reached skill level 1 in Bows
     6 | D        | Reached skill level 1 in Crossbows
     6 | D        | Reached skill level 1 in Throwing
     6 | D        | Reached skill level 1 in Armour
     6 | D        | Reached skill level 1 in Shields
     6 | D        | Reached skill level 1 in Unarmed Combat
     6 | D        | Reached skill level 5 in Spellcasting
     6 | D        | Reached skill level 1 in Conjurations
     6 | D        | Reached skill level 1 in Hexes
     6 | D        | Reached skill level 1 in Summonings
     6 | D        | Reached skill level 1 in Necromancy
     6 | D        | Reached skill level 1 in Translocations
     6 | D        | Reached skill level 1 in Fire Magic
     6 | D        | Reached skill level 1 in Ice Magic
     6 | D        | Reached skill level 1 in Air Magic
     6 | D        | Reached skill level 1 in Poison Magic
     6 | D        | Reached skill level 1 in Evocations
     6 | D        | Reached XP level 2. HP: 20/22 MP: 4/8
     6 | D        | Reached XP level 3. HP: 25/27 MP: 4/9
     6 | D        | Quit the game

Illustrated notes

Levels and vault maps discovered:
D:        dungeon_sprint_1 [red_sonja_temple_1, red_sonja_temple_small_1]

Skill      XL: |  1 |
---------------+----+-----
Fighting       | 1 |  1.7
Short Blades   | 1 |  1.7
Long Blades    | 1 |  1.7
Axes           | 1 |  1.7
Maces & Flails | 1 |  1.7
Polearms       | 1 |  1.7
Staves         | 1 |  1.7
Slings         | 1 |  1.7
Bows           | 1 |  1.7
Crossbows      | 1 |  1.7
Throwing       | 1 |  1.7
Armour         | 1 |  1.7
Shields        | 1 |  1.7
Unarmed Combat | 1 |  1.7
Spellcasting   | 5 |  5.3
Conjurations   | 1 |  1.3
Hexes          | 1 |  1.3
Summonings     | 1 |  1.3
Necromancy     | 1 |  1.3
Translocations | 1 |  1.3
Transmutations | 2 |  2.5
Fire Magic     | 1 |  1.3
Ice Magic      | 1 |  1.3
Air Magic      | 1 |  1.3
Poison Magic   | 1 |  1.3
Invocations    | 2 |  2.0
Evocations     | 1 |  1.7
Dodging        | |  4.9
Stealth        | |  4.5
Earth Magic    | |  5.6

Action                   || total
-------------------------++-------
 Cast: Sandblast         ||     3
